 Dungeon Crawl Stone Soup version 0.27-a0-819-g058290f16d (webtiles) character file.

Game seed: 16792182704092231279

333 polve the Slasher (level 6, -4/51 HPs)
             Began as a Demonspawn Abyssal Knight on Mar 29, 2021.
             Was a Believer of Lugonu.
             Slain by a water moccasin (7 damage)
             ... on level 6 of the Dungeon.
             The game lasted 00:03:23 (4647 turns).

polve the Slasher (Demonspawn Abyssal Knight)       Turns: 4647, Time: 00:03:24

Health: -4/51      AC:  9    Str: 12    XL:     6   Next: 27%
Magic:  7/7        EV:  5    Int: 15    God:    Lugonu [**....]
Gold:   176        SH:  5    Dex: 13    Spells: 5/5 levels left

rFire    . . .     SeeInvis .   a - +1 falchion
rCold    . . .     Faith    .   l - +0 buckler
rNeg     . . .     Spirit   .   f - +0 chain mail
rPois    .         Reflect  .   (helmet restricted)
rElec    .         Harm     .   (no cloak)
rCorr    .         Rampage  .   (no gloves)
Will     .....     Rnd*Rage +   (no boots)
Stlth    ..........             (no amulet)
HPRegen  0.00/turn              j - ring of flight
MPRegen  0.20/turn              (no ring)

@: lethally poisoned (-4 -> -13), attractive, flying, hasted, very quick
A: antennae 1, foul stench 1, magic regeneration, sharp scales 1, berserk 1,
robust 1, inhibited regeneration
a: Renounce Religion, Depart the Abyss, Bend Space


You were on level 6 of the Dungeon.
You worshipped Lugonu.
Lugonu was pleased with you.
You visited 1 branch of the dungeon, and saw 5 of its levels.
You visited the Abyss 1 time.

You collected 176 gold pieces.

Inventory:

Hand Weapons
 a - a +1 falchion (weapon)
Armour
 b - a +0 leather armour
 f - a +0 chain mail (worn)
 l - a +0 buckler (worn)
Jewellery
 j - a ring of flight (left hand)
Wands
 h - a wand of random effects (29)
Scrolls
 d - 2 scrolls of enchant armour {unknown}
 e - a scroll of fear {unknown}
 g - a scroll of enchant weapon {unknown}
 m - a scroll of acquirement {unknown}
 n - a scroll of teleportation {unknown}
 o - a scroll of identify {unknown}
 p - a scroll of amnesia {unknown}
Potions
 c - a potion of attraction
 i - 2 potions of berserk rage


   Skills:
 - Level 3.0 Fighting
 + Level 4.4 Long Blades
 - Level 1.7 Armour
 - Level 0.8 Dodging
 - Level 4.0 Shields
 - Level 2.4 Invocations


You had 5 spell levels left.
You didn't know any spells.
Your spell library was empty.

Dungeon Overview and Level Annotations

Branches:
Dungeon (4/15)
 Temple: D:4-7

Altars:
Okawaru


Innate Abilities, Weirdness & Mutations

You have a pair of small antennae on your head.
You may rarely emit foul miasma when damaged in melee.
You regenerate magic rapidly.
You are partially covered in razor-sharp scales. (AC +1, Slay +1)
You tend to lose your temper in combat.
You are robust. (+10% HP)
You do not regenerate when monsters are visible.


Message History

You feel sick. The water moccasin bites you.
The water moccasin bites you but does no damage.
You closely miss the water moccasin.
The water moccasin is severely wounded.
You feel sick. The water moccasin barely misses you.
You barely miss the water moccasin.
The water moccasin is heavily wounded.
You feel sick.
Your chain mail prevents you from hitting the water moccasin.
The water moccasin is heavily wounded.
You feel sick. The water moccasin bites you.
You are lethally poisoned!
The water moccasin poisons you! You block the water moccasin's attack.
You hit the water moccasin.
The water moccasin is heavily wounded.
* * * LOW HITPOINT WARNING * * *
You feel very sick. You block the water moccasin's attack.
It was a potion of attraction.
You feel attractive to monsters.
* * * LOW HITPOINT WARNING * * *
You feel very sick. The water moccasin bites you.
* * * LOW HITPOINT WARNING * * *
Your chain mail prevents you from hitting the water moccasin.
The water moccasin is heavily wounded.
* * * LOW HITPOINT WARNING * * *
You feel very sick. You block the water moccasin's attack.
You hit the water moccasin but do no damage.
The water moccasin is heavily wounded.
* * * LOW HITPOINT WARNING * * *
You feel sick. The water moccasin barely misses you.
You riposte.
You hit the water moccasin.
The water moccasin is severely wounded.
You hit the water moccasin.
The water moccasin is almost dead.
* * * LOW HITPOINT WARNING * * *
You feel sick. The water moccasin bites you!
You die...

.... ##...##
......# ...!...#
....##.##..
##..##........
#.)...........
#@#...##....>..
##S##...........#
#.hZ.O..........#
##..#..#........
####...........
###..#...##
##........##
#..........#
##.....###..


You could see a water moccasin, a hound and a centaur skeleton.

Vanquished Creatures
  An ogre (D:6)
  A scorpion (D:2)
  Natasha (thrice) (D:2)
  Terence (D:2)
  2 adders
  3 worms (D:2)
  2 dart slugs
  3 orcs (D:3)
  5 bats
  2 endoplasms
  5 giant cockroaches
  6 goblins
  3 hobgoblins
  7 jackals
  5 quokkas
  7 ball pythons
  5 frilled lizards
  2 kobolds
  5 rats
68 creatures vanquished.

Notes
Turn   | Place    | Note
-------+----------+-------------------------------------------
     0 | Abyss:1  | polve the Demonspawn Abyssal Knight began the quest for the
                  | Orb.
     0 | Abyss:1  | Reached XP level 1. HP: 18/18 MP: 2/2
     6 | Abyss:1  | Found a corrupted altar of Lugonu.
    76 | Abyss:1  | Noticed a small abomination
   125 | Abyss:2  | Noticed a thrashing horror
   126 | Abyss:2  | Noticed a thrashing horror
   130 | D:1      | Escaped the Abyss
   482 | D:1      | Gained mutation: You are partially covered in razor-sharp
                  | scales. (AC +1, Slay +1) [demonic ancestry]
   482 | D:1      | Reached XP level 2. HP: 10/24 MP: 3/3
  1010 | D:1      | Reached * piety under Lugonu
  1109 | D:1      | Reached XP level 3. HP: 29/29 MP: 4/4
  2055 | D:2      | Noticed Terence
  2056 | D:2      | Found an iron altar of Okawaru.
  2060 | D:2      | Gained mutation: You tend to lose your temper in combat.
                  | [potion of mutation]
  2060 | D:2      | Gained mutation: You do not regenerate when monsters are
                  | visible. [potion of mutation]
  2060 | D:2      | Gained mutation: You are robust. (+10% HP) [potion of
                  | mutation]
  2066 | D:2      | Killed Terence
  2067 | D:2      | Reached skill level 1 in Shields
  2067 | D:2      | Gained mutation: You regenerate magic rapidly. [demonic
                  | ancestry]
  2067 | D:2      | Reached XP level 4. HP: 38/38 MP: 5/5
  2737 | D:2      | Noticed Natasha
  2747 | D:2      | Killed Natasha
  2748 | D:2      | Gained mutation: You have a pair of small antennae on your
                  | head. [demonic ancestry]
  2748 | D:2      | Reached XP level 5. HP: 38/45 MP: 6/6
  3164 | D:2      | Noticed Natasha
  3186 | D:2      | Killed Natasha
  3409 | D:2      | Noticed Natasha
  3421 | D:2      | Killed Natasha
  4050 | D:3      | Reached ** piety under Lugonu
  4614 | D:4      | You are sucked into a shaft and drop 2 floors!
  4614 | D:6      | Noticed a water moccasin
  4614 | D:6      | Noticed an ogre
  4634 | D:6      | Killed an ogre
  4635 | D:6      | Gained mutation: You may rarely emit foul miasma when
                  | damaged in melee. [demonic ancestry]
  4635 | D:6      | Reached XP level 6. HP: 14/51 MP: 7/7
  4647 | D:6      | Slain by a water moccasin

Illustrated notes

Levels and vault maps discovered:
D:1:      kennysheep_arrival_seaside, layout_basic,
          chequers_serial_rivers_marsh, hangedman_decor_growths,
          grunt_decor_mini_mirrors, minmay_worlds_worst_comb
D:2:      layout_rooms, okawaru_trees_1, uniq_natasha, uniq_terence
D:3:      layout_loops_corners
D:4:      layout_loops_corners, overflow_temple_1_default,
          nicolae_overflow_hidden_temple, nicolae_overflow_crystal_walls,
          amcnicky_mini_pool_small, minmay_box_of_dots
D:6:      layout_cave_pools, minmay_manual_mullet, uniq_edmund,
          uniq_prince_ribbit1

Skill      XL: |  1  2  3  4  5 |
---------------+----------------+-----
Long Blades    | 2 3 4 |  4.4
Shields        | 1 2 4 |  4.0
Fighting       | |  3.0
Armour         | |  1.7
Dodging        | |  0.8
Invocations    | |  2.4

Action                   |  1- 3 |  4- 6 || total
-------------------------+-------+-------++-------
Melee: Falchion          |    99 |   151 ||   250
Invok: Depart the Abyss  |     1 |       ||     1
  Use: Potion            |     5 |     3 ||     8
Armor: Leather armour    |    42 |       ||    42
       Chain mail        |       |    85 ||    85
Dodge: Dodged            |    64 |    34 ||    98
Block: Buckler           |     6 |    26 ||    32
       Rpst.: Falchion   |    18 |    10 ||    28

Table legend: (Time is in decaauts)
 A = Elapsed time spent in this place.
 B = Non-inter-level travel time spent in this place.
 C = Inter-level travel time spent in this place.
 D = Time resting spent in this place.
 E = Time spent auto-exploring this place.
 F = Levels seen in this place.
 G = Mean time per level.
                   A        B        C        D        E       F      G
               +--------+--------+--------+--------+--------+-----+--------+
         Total |   4711 |   4554 |    157 |      2 |   3983 |   7 |  673.0 |
       Dungeon |   4582 |   4425 |    157 |      2 |   3879 |   5 |  916.4 |
         Abyss |    129 |    129 |      0 |      0 |    104 |   2 |   64.5 |
               +--------+--------+--------+--------+--------+-----+--------+

Top non-repeatable levels by time:
     D:2: 1767 daAuts
     D:1: 1742 daAuts
     D:3: 1003 daAuts
 Abyss:1: 91 daAuts
 Abyss:2: 38 daAuts
     D:4: 37 daAuts
     D:6: 31 daAuts
